 Dungeon Crawl Stone Soup version 0.27-a0-1180-g7fc4abc71e (webtiles) character file.

Game seed: 6768928259630552949

42 Froggeryz the Chopper (level 3, -5/29 HPs)
             Began as a Demonspawn Chaos Knight on May 17, 2021.
             Was a Plaything of Xom.
             Slain by a gnoll shaman
             ... wielding a +0 whip
              (9 damage)
             ... on level 1 of the Dungeon.
             The game lasted 00:01:56 (1110 turns).

Froggeryz the Chopper (Demonspawn Chaos Knight)     Turns: 1110, Time: 00:01:57

Health: -5/29      AC:  6    Str: 13    XL:     3   Next: 35%
Magic:  0/3        EV: 11    Int: 13    God:    Xom [..*...]
Gold:   54         SH:  0    Dex: 12    Spells: 2/2 levels left

rFire    . . .     SeeInvis .   a - +0 hand axe (chaos)
rCold    . . .     Faith    .   (no shield)
rNeg     . . .     Spirit   +   b - +3 leather armour
rPois    .         Reflect  .   (no helmet)
rElec    .         Harm     .   (no cloak)
rCorr    .         Rampage  .   (no gloves)
Will     .....                  (no boots)
Stlth    +.........             c - amulet of guardian spirit
HPRegen  0.09/turn              (no ring)
MPRegen  0.08/turn              (no ring)

@: flying
A: talons 2
a: Renounce Religion


You were on level 1 of the Dungeon.
You worshipped Xom.
You were a toy of Xom.
You visited 1 branch of the dungeon, and saw 2 of its levels.

You collected 54 gold pieces.

Inventory:

Hand Weapons
 a - a +0 hand axe of chaos (weapon)
Missiles
 h - 8 boomerangs (quivered)
Armour
 b - a +3 leather armour (worn)
Jewellery
 c - an amulet of guardian spirit (around neck)
Scrolls
 e - 2 scrolls of fog
Potions
 f - a potion of flight


   Skills:
 - Level 3.0 Fighting
 - Level 3.2 Axes
 - Level 1.7 Armour
 - Level 0.8 Dodging
 + Level 2.1 Unarmed Combat


You had 2 spell levels left.
You didn't know any spells.
Your spell library contained the following spells:

 Spells                   Type           Power      Damage    Failure   Level
 Magic Dart               Conj           0%         1d3       36%         1
 Blink                    Tloc           N/A        N/A       52%         2
 Call Imp                 Summ           0%         N/A       52%         2
 Slow                     Hex            0%         N/A       52%         2
 Conjure Flame            Conj/Fire      0%         6-21      75%         3
 Mephitic Cloud           Conj/Pois/Air  0%         N/A       75%         3


Dungeon Overview and Level Annotations

Branches:
Dungeon (2/15)

Altars:

Shops:
D:1 :


Innate Abilities, Weirdness & Mutations

You have razor-sharp toenails.


Message History

The gnoll seems to speed up.
The gnoll hits you from afar with a +0 spear.
* * * LOW HITPOINT WARNING * * *
Okay, then.
It was a potion of flight.
You feel very buoyant.
You fly up into the air.
Xom roars with laughter!
The gnoll hits you from afar with a +0 spear.
* * * LOW HITPOINT WARNING * * *
As you read the scroll labelled GYIFFO VUNUAPO, it crumbles to dust.
The scroll dissolves into smoke.
It was a scroll of fog.
The gnoll barely misses you.
As you read the scroll labelled QUCSOU XIPTE, it crumbles to dust.
It is a scroll of enchant armour.
Your +2 leather armour glows green for a moment.
You feel a bit more experienced.
Your Unarmed Combat skill increases to level 2!
This is a scroll of acquirement!
Something appears at your feet!
Unknown command.
The gnoll shaman calls down the wrath of its god upon you.
You resist with some effort.
The gnoll shaman is engulfed in seething chaos.
The gnoll shaman is engulfed in seething chaos.
The gnoll shaman seems to speed up.
The gnoll shaman is engulfed in seething chaos. x2
The gnoll shaman goes berserk!
The gnoll shaman is engulfed in seething chaos.
The gnoll shaman rages.
The gnoll shaman is engulfed in seething chaos. x2
The gnoll shaman completely misses you. The gnoll shaman closely misses you.
The gnoll shaman is engulfed in seething chaos.
The gnoll shaman resists with some effort.
The gnoll shaman is engulfed in seething chaos.
The gnoll shaman flickers and vanishes!
Deactivating autopickup; reactivate with Ctrl-A.
Something hits you!
You die...
Xom is highly amused!

#.##.#.......###....
#.##§##########...<.
#.##.## #..#..
#.#.§.## #..###
#...§..# #.....
#...§..#########....
#..g§........# #####
###{..###.#.## #####
#@####.###.###....
#.###.## ####.....
#.##.## #..###
#.###.## ####..###
#.# ##.###......#.
#.# ##.#.#.###...
#.# ##.##.# #... #.#
#.##.###... #.#
#.##.......


You could see a gnoll shaman (berserk, fast, drained).

Vanquished Creatures
  A gnoll (D:1)
  4 bats (D:1)
  2 endoplasms (D:1)
  A giant cockroach (D:1)
  4 goblins (D:1)
  3 hobgoblins (D:1)
  8 jackals (D:1)
  A frilled lizard (D:1)
  2 kobolds (D:1)
  2 rats (D:1)
28 creatures vanquished.

Notes
Turn   | Place    | Note
-------+----------+-------------------------------------------
     0 | D:1      | Froggeryz the Demonspawn Chaos Knight began the quest for
                  | the Orb.
     0 | D:1      | Reached XP level 1. HP: 18/18 MP: 1/1
    67 | D:1      | Gained mutation: You have sharp toenails. [demonic
                  | ancestry]
    67 | D:1      | Reached XP level 2. HP: 10/24 MP: 0/2
   134 | D:1      | XOM: silly message
   394 | D:1      | Reached skill level 1 in Unarmed Combat
   471 | D:1      | Found a faded altar of an unknown god.
   575 | D:1      | Gained mutation: You have razor-sharp toenails. [demonic
                  | ancestry]
   575 | D:1      | Reached XP level 3. HP: 21/29 MP: 3/3
   709 | D:1      | Found Sitsotta's Book Shoppe.
  1052 | D:1      | XOM: cloud trail
  1093 | D:1      | Identified a scroll of acquirement
  1093 | D:1      | Acquired a manual of Fighting
  1110 | D:1      | Slain by a gnoll shaman

Illustrated notes

Levels and vault maps discovered:
D:1:      minmay_arrival_wavy_path, layout_loops_ring, serial_shops,
          nicolae_shop_temple_entry_statues_fountains,
          ebering_ecumenical_altar_hall, skrybe_limestone_x
D:2:      layout_rooms, kennysheep_generic_room_14, uniq_crazy_yiuf_cottage

Skill      XL: |  1  2  3 |
---------------+----------+-----
Axes           | 3 |  3.2
Unarmed Combat | 1 2 |  2.1
Fighting       | |  3.0
Armour         | |  1.7
Dodging        | |  0.8

Action                   || total
-------------------------++-------
Melee: Hand axe          ||    61
       Kick              ||    10
  Use: Scroll            ||     3
       Potion            ||     1
 Stab: Paralysed         ||     1
       Sleeping          ||     1
Armor: Leather armour    ||    23
Dodge: Dodged            ||    59

Table legend: (Time is in decaauts)
 A = Elapsed time spent in this place.
 B = Non-inter-level travel time spent in this place.
 C = Inter-level travel time spent in this place.
 D = Time resting spent in this place.
 E = Time spent auto-exploring this place.
 F = Levels seen in this place.
 G = Mean time per level.
                   A        B        C        D        E       F      G
               +--------+--------+--------+--------+--------+-----+--------+
         Total |   1119 |   1053 |     66 |     18 |    858 |   2 |  559.5 |
       Dungeon |   1119 |   1053 |     66 |     18 |    858 |   2 |  559.5 |
               +--------+--------+--------+--------+--------+-----+--------+

Top non-repeatable levels by time:
     D:1: 1116 daAuts
     D:2: 3 daAuts
